 Dungeon Crawl Stone Soup version 0.23.2 (webtiles) character file.

Game seed: 3899058761404579382

508 Borgoz the Sneak (level 7, -6/57 HPs)
             Began as a Ghoul Assassin on Apr 5, 2019.
             Mangled by Menkaure (22 damage)
             ... on level 4 of the Dungeon.
             The game lasted 00:06:05 (3049 turns).

Borgoz the Sneak (Ghoul Assassin)                   Turns: 3049, Time: 00:06:05

Health: -6/57      AC:  6    Str: 14 (15) XL:     7   Next: 18%
Magic:  6/6        EV: 13    Int:  5 (6)  God:
Gold:   163        SH:  0    Dex: 10 (12) Spells: 6/6 levels left

rFire    . . .     SeeInvis +   a - +2 dagger
rCold    + . .     Gourm    .   (no shield)
rNeg     + + +     Faith    .   c - +0 robe
rPois    ∞         Spirit   .   (no helmet)
rElec    .         Reflect  .   d - +1 cloak
rCorr    .         Harm     .   i - +1 pair of gloves
MR       .....                  (no boots)
Stlth    +++.......             (no amulet)
HPRegen  0.00/turn              h - ring of see invisible
MPRegen  0.10/turn              (no ring)

@: rotting
A: rotting body, claws 1, carnivore, cold resistance 1, negative energy
resistance 3, inhibited regeneration, torment resistance, unbreathing
a: no special abilities


You were on level 4 of the Dungeon.
You were not hungry.

You visited 1 branch of the dungeon, and saw 4 of its levels.

You collected 163 gold pieces.

Inventory:

Hand Weapons
 a - a +2 dagger (weapon)
 b - a +0 blowgun
 r - a +0 dagger of pain
Missiles
 e - 17 poisoned needles
 f - 2 curare-tipped needles
Armour
 c - a +0 robe (worn)
 d - a +1 cloak (worn)
 i - a +1 pair of gloves (worn)
Jewellery
 h - a ring of see invisible (left hand)
Wands
 o - a wand of flame (18)
Scrolls
 j - a scroll of amnesia
 k - a scroll of fear
 p - a scroll of magic mapping
Potions
 m - a potion of cancellation {unknown}
 q - a potion of brilliance {unknown}
 t - 3 potions of flight
Comestibles
 g - 6 rations
 l - 3 chunks of flesh


   Skills:
 + Level 3.5 Fighting
 * Level 3.7 Short Blades
 - Level 1.7 Throwing
 * Level 3.0 Armour
 * Level 3.3 Dodging
 + Level 5.3 Stealth


You had 6 spell levels left.
You didn't know any spells.
Your spell library was empty.

Dungeon Overview and Level Annotations

Branches:
Dungeon (4/15)
 Temple: D:4-7

Altars:

Annotations:
D:4 Menkaure


Innate Abilities, Weirdness & Mutations

Your body is rotting away.
You thrive on raw meat.
You are immune to poison.
You have sharp fingernails.
You are carnivorous and can eat meat at any time.
Your flesh is cold resistant. (rC+)
You are immune to negative energy. (rN+++)
You do not regenerate when monsters are visible.
You are immune to unholy pain and torment.
You can survive without breathing.


Message History

The jackal is severely wounded.
The jackal closely misses you.
You hit the jackal.
You kill the jackal!
Menkaure hits you!
You hit Menkaure.
Menkaure is lightly damaged.
Menkaure hits you!
* * * LOW HITPOINT WARNING * * *
You hit Menkaure but do no damage.
Menkaure is lightly damaged.
Menkaure closely misses you.
You feel better. Menkaure closely misses you.
You completely miss Menkaure.
Menkaure is lightly damaged.
Menkaure barely misses you.
You hit Menkaure.
Menkaure is lightly damaged.
Menkaure hits you!!
You die...

# #..###..# ...
##..# (###
#...# .
#.##..##
#+###......#
......###..#
...........#
...........####
...........M@.#
######....###.#
#...#. .#
##..#.# ##
....#.#
####.#.# #. h#


You could see Menkaure.

Vanquished Creatures
  Grinder (D:3)
  A scorpion (D:4)
  An orc wizard (D:4)
  Crazy Yiuf (D:3)
  Jessica (D:3)
  7 adders
  An ooze (D:1)
  A worm (D:3)
  3 dart slugs
  A leopard gecko (D:3)
  4 orcs
  7 bats
  3 giant cockroaches
  7 goblins
  11 hobgoblins
  9 jackals
  10 kobolds
  2 quokkas
  5 frilled lizards
  5 rats
81 creatures vanquished.

Notes
Turn   | Place    | Note
-------+----------+-------------------------------------------
     0 | D:1      | Borgoz the Ghoul Assassin began the quest for the Orb.
     0 | D:1      | Reached XP level 1. HP: 17/17 MP: 0/0
    24 | D:1      | Reached skill level 1 in Dodging
    91 | D:1      | Reached XP level 2. HP: 10/24 MP: 1/1
   183 | D:1      | Reached skill level 1 in Armour
   300 | D:1      | Reached XP level 3. HP: 23/30 MP: 2/2
   762 | D:2      | Reached XP level 4. HP: 13/37 MP: 3/3
  1672 | D:3      | Reached XP level 5. HP: 14/41 MP: 4/4
  1771 | D:3      | Found a runed translucent door.
  1772 | D:3      | Noticed Crazy Yiuf
  1865 | D:3      | Noticed Jessica
  1888 | D:3      | Killed Jessica
  1985 | D:3      | Noticed Grinder
  1987 | D:3      | Paralysed by Grinder for 7 turns
  2016 | D:3      | Paralysed by Grinder for 2 turns
  2034 | D:3      | Paralysed by Grinder for 2 turns
  2079 | D:3      | Paralysed by Grinder for 4 turns
  2099 | D:3      | Paralysed by Grinder for 2 turns
  2119 | D:3      | Killed Grinder
  2119 | D:3      | Reached skill level 5 in Stealth
  2119 | D:3      | Reached XP level 6. HP: 13/51 MP: 5/5
  2714 | D:3      | Killed Crazy Yiuf
  2952 | D:4      | Reached XP level 7. HP: 49/57 MP: 6/6
  3014 | D:4      | Noticed Menkaure
  3049 | D:4      | Mangled by Menkaure

Skill      XL: |  1  2  3  4  5  6  7 |
---------------+----------------------+-----
Dodging        | 1 2 3 |  3.3
Short Blades   | 2 3 |  3.7
Armour         | 1 2 3 |  3.0
Fighting       | 3 |  3.5
Stealth        | 5 |  5.3
Throwing       | |  1.7

Action                   |  1- 3 |  4- 6 |  7- 9 || total
-------------------------+-------+-------+-------++-------
Melee: Dagger            |   113 |   285 |    27 ||   425
  Use: Potion            |       |     5 |     1 ||     6
       Scroll            |       |     8 |       ||     8
 Stab: Sleeping          |     5 |     5 |       ||    10
       Invisible         |       |     1 |       ||     1
  Eat: Chunk             |     8 |    13 |       ||    21
Armor: Robe              |    41 |    70 |     4 ||   115
Dodge: Dodged            |    67 |   154 |    16 ||   237
